 Dungeon Crawl Stone Soup version 0.17-b1-15-g0f5fb43 (webtiles) character file.

356 Hanyuu the Insei (level 6, -1/39 HPs)
             Began as an Octopode Transmuter on Nov 4, 2015.
             Slain by an orc wizard
             ... wielding a +0 dagger
              (3 damage)
             ... on level 4 of the Dungeon.
             The game lasted 00:08:08 (3379 turns).

Hanyuu the Insei (Octopode Transmuter)              Turns: 3379, Time: 00:08:08

Health: -1/39      AC:  1    Str:  6 (9)  XL:     6   Next: 63%
Magic:  9/9        EV: 12    Int: 22      God:
Gold:   122        SH:  0    Dex: 13      Spells: 3 memorised, 7 levels left

rFire  . . .     SeeInvis .       - Unarmed
rCold  . . .     Clarity  .     (no shield)
rNeg   . . .     SustAt   .     (helmet restricted)
rPois  .         Gourm    .     (no amulet)
rElec  .         Spirit   .     (no ring)
rCorr  .         Warding  .     (no ring)
rMut   .         Stasis   .     (no ring)
MR     .....                    (no ring)
Stlth  ++........               (no ring)
                                (no ring)
                                (no ring)
                                (no ring)

@: brilliant, flying, not resistant to hostile enchantments, unstealthy
A: almost no armour, amphibious, 8 rings, constrict 8, tentacle spike 1,
camouflage 1, low mp 2, gelatinous body 1
a: no special abilities


You were on level 4 of the Dungeon.
You were not hungry.

You visited 1 branch of the dungeon, and saw 4 of its levels.

You collected 122 gold pieces.

Inventory:

Missiles
 a - 7 arrows
 d - 12 poisoned arrows
Jewellery
 t - a cursed amulet of inaccuracy {unknown}
 v - an uncursed amulet of resist corrosion {unknown}
Wands
 o - a wand of polymorph (12)
Scrolls
 g - a scroll of recharging {unknown}
 h - 2 scrolls of remove curse
 q - a scroll of amnesia {unknown}
 r - a scroll of fog {unknown}
 u - a scroll of identify
Potions
 e - 4 potions of resistance
 j - a potion of mutation
 m - a potion of curing
Books
 b - a book of Changes

   Spells                             Type                      Level
   a - Beastly Appendage              Transmutation                1
   b - Sticks to Snakes               Transmutation                2
   c - Spider Form                    Transmutation/Poison         3
   d - Ice Form                       Ice/Transmutation            4
   e - Blade Hands                    Transmutation                5
Comestibles
 c - 4 bread rations
 l - a beef jerky
 n - a slice of pizza
 p - 3 meat rations
 s - a fruit


   Skills:
 - Level 2.0 Fighting
 - Level 2.0 Dodging
 + Level 5.5 Unarmed Combat
 - Level 4.0 Spellcasting
 + Level 2.3 Transmutations


You had 7 spell levels left.
You knew the following spells:

 Your Spells              Type           Power        Failure   Level  Hunger
a - Beastly Appendage     Trmt           ####..       1%          1    None
b - Sticks to Snakes      Trmt           ####......   1%          2    #......
c - Spider Form           Trmt/Pois      ###.......   2%          3    ###....


Dungeon Overview and Level Annotations

Branches:
Dungeon (4/15)
 Temple: D:4-7

Altars:

Annotations:
D:3 1 exclusion, Grinder
D:4 Hanyuu's ghost, amateur OpTm; Menkaure


Innate Abilities, Weirdness & Mutations

You cannot wear most types of armour.
You are amphibious.
You can wear up to eight rings at the same time.
You can use your tentacles to constrict eight enemies at once.
Your skin changes colour to match your surroundings (Stealth).
Your rubbery body absorbs attacks (AC +1).
One of your tentacles bears a spike.
Your magical capacity is very low (-20% MP).


Message History

It was a potion of brilliance.
You feel clever all of a sudden.
The orc wizard shouts!
You hear a shout!
You hear a shout!
Drink which item? (? for menu, Esc to quit)
It was a potion of flight.
You feel very buoyant.
You fly up into the air.
The orc wizard gestures at you while chanting.
The puff of flame misses you.
The puff of flame hits the orc.
The orc dies!
An orc wizard comes into view. It is wielding a dagger of protection.
Drink which item? (? for menu, Esc to quit)
It was a potion of degeneration.
There was something very wrong with that liquid.
You feel weakened.
Drink which item? (? for menu, Esc to quit)
You feel better. The ogre hits you with a giant club!
* * * LOW HITPOINT WARNING * * *
The orc wizard hits you with a dagger.
You die...

#.........### ..##.# #.#
#..###......# #.##.#
#.####### #..# #....#.#
#.##.#####........ #).#
#....#.###.......##..#####.
#..# #..............Ms....#
##..###.........s...##.#..##
..(......#.#####M#####.#.##
##..###..#.# #O# #M#)# #..#
#..#.# #@# #(....=....
#(.###..#.#####o#
#..ss.#######
#..............o###.##...
##.####.............. ...(
.................#. #....#
#######.######...........##
#.# ##..#.#.#.#.# #.###
#.... #...# ##.#


You could see an ogre, Menkaure, 2 orc wizards and a giant cockroach.

Vanquished Creatures
  Eustachio (D:4)
  2 orc priests
  An orc wizard (D:4)
  An iguana (D:4)
  2 adders (D:2)
  An ooze (D:4)
  2 worms (D:2)
  A giant gecko (D:2)
  7 orcs
  2 ball pythons (D:1)
  12 bats
  7 goblins
  7 hobgoblins
  6 jackals
  8 giant cockroaches
  8 giant newts
  9 kobolds
  4 rats (D:1)
81 creatures vanquished.

Vanquished Creatures (collateral kills)
  A kobold (D:3)
1 creature vanquished.

Vanquished Creatures (others)
  An orc (D:4)
1 creature vanquished.

Grand Total: 83 creatures vanquished

Notes
Turn   | Place    | Note
--------------------------------------------------------------
     0 | D:1      | Hanyuu the Octopode Transmuter began the quest for the Orb.
     0 | D:1      | Reached XP level 1. HP: 13/13 MP: 3/3
   178 | D:1      | Reached XP level 2. HP: 18/18 MP: 5/5
   714 | D:1      | Reached skill level 4 in Unarmed Combat
   782 | D:1      | Reached XP level 3. HP: 21/23 MP: 6/6
  1381 | D:2      | Reached XP level 4. HP: 13/29 MP: 5/7
  1615 | D:2      | Learned a level 2 spell: Sticks to Snakes
  1619 | D:2      | Learned a level 3 spell: Spider Form
  2287 | D:3      | Reached XP level 5. HP: 22/34 MP: 5/9
  2714 | D:3      | Noticed Grinder
  2832 | D:4      | Noticed Eustachio
  2948 | D:4      | Killed Eustachio
  2948 | D:4      | Reached skill level 5 in Unarmed Combat
  2948 | D:4      | Reached XP level 6. HP: 35/39 MP: 8/12
  3148 | D:4      | Noticed Hanyuu's ghost (amateur OpTm)
  3360 | D:4      | Noticed Menkaure
  3375 | D:4      | Gained mutation: Your magical capacity is low (-10% MP). [potion of mutation]
  3375 | D:4      | Gained mutation: One of your tentacles bears a spike. [potion of mutation]
  3375 | D:4      | Gained mutation: Your magical capacity is very low (-20% MP). [potion of mutation]
  3379 | D:4      | Slain by an orc wizard

Action                   |  1- 3 |  4- 6 || total
-------------------------+-------+-------++-------
Melee: Unarmed           |    90 |   101 ||   191
 Cast: Beastly Appendage |    15 |    13 ||    28
       Sticks to Snakes  |       |     5 ||     5
  Use: Scroll            |       |     5 ||     5
       Potion            |       |     5 ||     5
 Stab: Sleeping          |     3 |     3 ||     6
       Confused          |       |     1 ||     1
  Eat: Chunk             |     2 |     6 ||     8
